 Dungeon Crawl Stone Soup version 0.25-a0-420-g1cc7eeb0d1 (webtiles) character file.

Game seed: 14395285603993919994, levelgen mode: deterministic

2711 Esekla the Gusty (level 9, -3/61 HPs)
             Began as a Human Air Elementalist on Jan 19, 2020.
             Was a Priest of Qazlal.
             Slain by a yak (14 damage)
             ... on level 9 of the Dungeon.
             The game lasted 01:21:40 (7313 turns).

Esekla the Gusty (Human Air Elementalist)           Turns: 7313, Time: 01:21:40

Health: -3/61      AC:  6    Str:  8    XL:     9   Next: 98%
Magic:  8/17       EV: 15    Int: 16    God:    Qazlal [***...]
Gold:   88         SH:  6    Dex: 14    Spells: 4/19 levels left

rFire    . . .     SeeInvis .   h - +4 dagger (elec)
rCold    . . .     Gourm    .   (no shield)
rNeg     . . .     Faith    .   a - +0 robe
rPois    .         Spirit   .   o - +1 hat
rElec    +         Reflect  +   E - +0 cloak of Impressiveness {rElec Slay+3} (curse)
rCorr    .         Harm     .   k - +1 pair of gloves
MR       .....                  (no boots)
Stlth    ++........             f - +3 amulet of reflection
HPRegen  0.20/turn              n - -3 ring of intelligence (curse)
MPRegen  0.15/turn              l - ring of wizardry

@: no status effects
A: no striking features
a: Upheaval, Elemental Force, Renounce Religion


You were on level 9 of the Dungeon.
You worshipped Qazlal.
Qazlal was most pleased with you.
You were not hungry.

You visited 1 branch of the dungeon, and saw 10 of its levels.
You also visited: Sewer.

You collected 287 gold pieces.
You spent 199 gold pieces at shops.

Inventory:

Hand Weapons
 g - a +1 dagger
 h - a +4 dagger of electrocution (weapon)
 D - a cursed -3 spear
Missiles
 w - 4 poisoned darts (quivered)
 B - 7 boomerangs
Armour
 a - a +0 robe (worn)
 k - a +1 pair of gloves (worn)
 o - a +1 hat (worn)
 q - the +10 large shield of Ignorance {rN+ Int-4}
   (You found it on level 4 of the Dungeon)

   It affects your intelligence (-4).
   It protects you from negative energy.
 y - a +0 buckler
 E - the cursed +0 cloak of Impressiveness (worn) {rElec Slay+3}
   (You bought it in a shop on level 5 of the Dungeon)

   It affects your accuracy and damage with ranged weapons and melee attacks
   (+3).
   It insulates you from electricity.
   It has a curse placed upon it.
Jewellery
 f - a +3 amulet of reflection (around neck)
 l - a ring of wizardry (right hand)
 n - a cursed -3 ring of intelligence (left hand)
Wands
 s - a wand of enslavement (20)
 u - a wand of iceblast (7)
 v - a wand of scattershot (2)
Scrolls
 b - 4 scrolls of teleportation
 m - a scroll of noise
 r - a scroll of identify
 z - 2 scrolls of enchant armour
 A - a scroll of fog
 F - a scroll of magic mapping
Potions
 d - 5 potions of haste
 e - a potion of flight
 i - a potion of resistance
 j - 4 potions of curing
 p - 3 potions of cancellation
 t - a potion of mutation
 x - a potion of might
 G - a potion of lignification
Comestibles
 c - 9 rations


   Skills:
 + Level 1.9 Fighting
 + Level 2.3 Short Blades
 + Level 0.6 Throwing
 * Level 5.7 Dodging
 - Level 2.0 Stealth
 + Level 1.7 Shields
 * Level 5.9 Spellcasting
 * Level 5.7 Conjurations
 * Level 3.9 Charms
 * Level 6.2 Air Magic


You had 4 spell levels left.
You knew the following spells:

 Your Spells              Type           Power        Failure   Level  Hunger
a - Airstrike             Air            ###.......   4%          4    ####...
b - Lightning Bolt        Conj/Air       ###.......   13%         5    ######.
d - Static Discharge      Conj/Air       ###.....     1%          3    ##.....
e - Shock                 Conj/Air       ###.         1%          1    None
s - Swiftness             Chrm/Air       ###.....     1%          2    #......

Your spell library contained the following spells:

 Spells                   Type           Power        Failure   Level  Hunger


Dungeon Overview and Level Annotations

Branches:
Dungeon (10/15)             Sewer (visited)
 Temple: D:4-7         Lair: D:8-11         Orc: D:9-12

Altars:
Ashenzari
Dithmenos
Fedhas
Gozag
Kikubaaqudgha
Okawaru
Qazlal
Ru
Trog
Uskayaw
Zin

Shops:
D:5 [*[[}   D:6 [

Annotations:
D:9 1 runed translucent door, Guilu's ghost, novice DsNe


Message History

You resist.
You are struck by an arc of lightning.
The yak is struck by an arc of lightning!
The yak is almost dead.
The yak is struck by an arc of lightning.
The yak is heavily wounded.
The yak is struck by an arc of lightning.
The yak is almost dead.
The lightning grounds out.
The yak gores you!
* * * LOW HITPOINT WARNING * * *
You block the yak's attack. The yak gores you but does no damage.
Casting: Static Discharge (safe; 1% risk of failure)
Confirm with . or Enter, or press ? or * to list all spells.
The yak is struck by an arc of lightning.
The yak is severely wounded.
The yak is struck by an arc of lightning.
The yak is severely wounded.
The lightning grounds out.
The yak gores you.
* * * LOW HITPOINT WARNING * * *
The yak misses you. The yak gores you!
You die...

................#.......#
................#.......#
................#.......#
................#.......#
................#......##
###########.....#......#
#.....#......# #...YY#
#...Y@# ####### ####
##..# ....# ....# ....#


You could see 3 yaks.

Vanquished Creatures
  Sigmund (D:5)
  4 yaks (D:9)
  2 porcupines
  A water moccasin (D:10)
  An ice beast (D:7)
  An orc warrior (D:6)
  An ogre (D:4)
  A centaur (D:4)
  2 big kobolds
  A bullfrog (D:6)
  2 scorpions (D:5)
  A vampire bat (D:5)
  3 howler monkeys (D:7)
  A crimson imp (D:5)
  2 quasits
  4 hounds
  An orc priest (D:6)
  5 orc wizards
  3 iguanas
  5 worker ants
  A howler monkey skeleton (D:6)
  A worker ant zombie (D:7)
  A howler monkey zombie (D:6)
  10 adders
  3 river rats
  An ooze (D:1)
  An adder skeleton (D:4)
  2 worms
  3 dart slugs
  4 leopard geckos
  16 orcs
  6 giant cockroaches
  8 goblins
  7 hobgoblins
  10 jackals
  2 ball pythons
  10 bats
  A frilled lizard (D:2)
  14 kobolds
  A quokka skeleton (D:4)
  14 rats
158 creatures vanquished.

Vanquished Creatures (others)
  2 bushes (D:10)
  6 fungi (D:10)
  19 plants (D:10)
27 creatures vanquished.

Grand Total: 185 creatures vanquished

Notes
Turn   | Place    | Note
-------+----------+-------------------------------------------
     0 | D:1      | Esekla the Human Air Elementalist began the quest for the
                  | Orb.
     0 | D:1      | Reached XP level 1. HP: 13/13 MP: 3/3
   234 | D:1      | Reached XP level 2. HP: 19/19 MP: 1/5
   256 | D:1      | Learned a level 2 spell: Swiftness
   423 | D:2      | Reached XP level 3. HP: 22/24 MP: 1/6
   857 | D:2      | Found a shadowy altar of Dithmenos.
  1117 | D:1      | Reached XP level 4. HP: 30/30 MP: 7/7
  1783 | D:2      | Found an ancient bone altar of Kikubaaqudgha.
  2017 | D:4      | Noticed an air elemental
  2020 | D:4      | Found a stormy altar of Qazlal.
  2021 | D:4      | Noticed an earth elemental
  2021 | D:4      | Noticed a fire elemental
  2021 | D:4      | Noticed a water elemental
  2026 | D:4      | Became a worshipper of Qazlal Stormbringer
  2072 | D:4      | Reached XP level 5. HP: 31/35 MP: 1/9
  2195 | D:4      | Learned a level 5 spell: Lightning Bolt
  2213 | D:4      | Reached skill level 1 in Fighting
  2257 | D:4      | Reached XP level 6. HP: 23/43 MP: 4/10
  2617 | D:5      | Entered Level 5 of the Dungeon
  2627 | D:5      | Found a glowing drain.
  2792 | Sewer    | Entered a sewer
  2809 | Sewer    | Reached skill level 4 in Air Magic
  2960 | Sewer    | Learned a level 3 spell: Static Discharge
  2977 | Sewer    | Reached * piety under Qazlal
  3030 | Sewer    | Found a white marble altar of Elyvilon.
  3330 | D:4      | Found the +10 large shield of Ignorance {rN+ Int-4}
  3521 | D:4      | Reached XP level 7. HP: 46/48 MP: 12/12
  3540 | D:4      | Reached skill level 1 in Charms
  4367 | D:3      | Reached skill level 1 in Short Blades
  4411 | D:3      | Found a glowing silver altar of Zin.
  4643 | D:3      | Found an iron altar of Okawaru.
  4960 | D:5      | Found Lojudyop's Gadget Shop.
  4980 | D:5      | Reached XP level 8. HP: 51/54 MP: 7/14
  5076 | D:6      | Found an opulent altar of Gozag.
  5088 | D:6      | Found a blossoming altar of Fedhas.
  5264 | D:5      | Noticed Sigmund
  5277 | D:5      | Killed Sigmund
  5293 | D:5      | Found Deffudd's Assorted Antiques.
  5440 | D:5      | Reached ** piety under Qazlal
  5440 | D:5      | Reached skill level 5 in Air Magic
  5450 | D:5      | Learned a level 4 spell: Airstrike
  5473 | D:5      | Found Osoasi's Antique Armour Emporium.
  5535 | D:5      | Found Tacareeh's Armour Shop.
  5595 | D:5      | Found Bithro Xuhe's Antique Armour Shop.
  5619 | D:5      | Bought a spiked cloak for 199 gold pieces
  5624 | D:5      | Identified the cursed +0 cloak of Impressiveness {rElec
                  | Slay+3} (You bought it in a shop on level 5 of the Dungeon)
  5875 | D:5      | Found a sacrificial altar of Ru.
  6005 | D:6      | Found Qiyxakoe's Armour Boutique.
  6041 | D:6      | Found a hide-covered altar of Uskayaw.
  6114 | D:6      | Reached skill level 1 in Shields
  6114 | D:6      | Reached skill level 5 in Spellcasting
  6299 | D:6      | Found a bloodstained altar of Trog.
  6460 | D:7      | Reached XP level 9. HP: 48/59 MP: 1/16
  6688 | D:8      | Found a shattered altar of Ashenzari.
  6701 | D:8      | Reached skill level 5 in Dodging
  6754 | D:7      | You fall into a shaft and drop 2 floors!
  6786 | D:9      | Noticed Guilu's ghost (novice DsNe)
  6805 | D:9      | Reached *** piety under Qazlal
  6806 | D:9      | Reached skill level 5 in Conjurations
  6822 | D:9      | Found a runed translucent door.
  6870 | D:10     | Entered Level 10 of the Dungeon
  7019 | D:9      | Reached skill level 6 in Air Magic
  7058 | D:9      | HP: 3/61 [yak (13)]
  7313 | D:9      | Slain by a yak

Levels and vault maps discovered:
D:1:      dpeg_arrival_three_smaller_balls, layout_basic
D:2:      layout_rooms, nicolae_overflow_crystal_walls,
          grunt_dithmenos_smoke_and_mirrors
D:3:      layout_basic, zin_statuary, lemuel_doored_altar,
          minmay_misc_feat_four_crosses
D:4:      layout_gridville, nicolae_qazlal_style_of_elements,
          chequers_hall_statues_y, minmay_box_of_dots
D:5:      layout_loops_ring, lemuel_coloured_pillars_altar, serial_shops, shop,
          shop_coins, nicolae_shop_stone, nicolae_shop_crystal,
          nicolae_shop_crystal, first_ration, portal_sewer_entry_c,
          roderic_batcave, uniq_sigmund
D:6:      layout_cave_pods, marbit_many_paths, old_standard_altar,
          lemuel_crystal_altar, overflow_temple_1_default, serial_shops,
          kennysheep_mini_moat, trog_book
D:7:      layout_basic, minmay_temple_entry_tees, uniq_duvessa
D:8:      layout_basic, overflow_temple_1_default, serial_shops,
          nicolae_shop_overgrown_old_shop, basic_altar, hangedman_ranch
          [blue_anna_fruit_fields]
D:9:      layout_irregular_city, hellmonk_ghost_happy_afterlife,
          grunt_ministairs_8
D:10:     layout_rooms, minmay_lair_entry_grove, serial_shops, shop, basic_altar

Skill      XL: |  1  2  3  4  5  6  7  8  9 |
---------------+----------------------------+-----
Dodging        | 3 4 5 |  5.7
Fighting       | 1 |  1.9
Conjurations   | 2 3 4 5 |  5.7
Spellcasting   | 3 4 5 |  5.9
Air Magic      | 4 5 6 |  6.2
Charms         | 1 2 3 |  3.9
Short Blades   | 1 2 |  2.3
Shields        | 1 |  1.7
Throwing       | |  0.6
Stealth        | |  2.0

Action                   |  1- 3 |  4- 6 |  7- 9 || total
-------------------------+-------+-------+-------++-------
Melee: Dagger            |    30 |    65 |   102 ||   197
Throw: Dart              |       |       |     4 ||     4
 Cast: Shock             |    33 |    83 |   127 ||   243
       Static Discharge  |       |     3 |    15 ||    18
       Swiftness         |       |     1 |     1 ||     2
       Airstrike         |       |       |     1 ||     1
  Use: Scroll            |     5 |     5 |     7 ||    17
       Potion            |       |     2 |     7 ||     9
 Stab: Sleeping          |     4 |     5 |       ||     9
  Eat: Chunk             |       |     3 |    13 ||    16
       Ration            |       |     2 |       ||     2
Armor: Robe              |     5 |    18 |    50 ||    73
Dodge: Dodged            |    29 |    67 |   167 ||   263
Block: Other             |     6 |    13 |    63 ||    82
       Reflection        |       |       |     6 ||     6

Table legend:
 A = Non-vault XP
 B = Vault XP
 C = Vault XP percentage of total XP
 D = Non-vault monster count
 E = Vault monster count
 F = Vault count percentage of total count
                 A         B        C        D         E       F
            +---------+---------+-------+---------+---------+-------
      Total |    2567 |    1307 |  33.7 |     122 |      36 |  22.8
            +---------+---------+-------+---------+---------+-------
        D:1 |      67 |       0 |   0.0 |      22 |       0 |   0.0
        D:2 |      40 |       0 |   0.0 |      21 |       0 |   0.0
        D:3 |      78 |       0 |   0.0 |      15 |       0 |   0.0
        D:4 |     409 |     121 |  22.8 |      16 |       2 |  11.1
        D:5 |     325 |     372 |  53.4 |       8 |      16 |  66.7
        D:6 |     351 |       1 |   0.3 |       9 |       1 |  10.0
        D:7 |     450 |       0 |   0.0 |      16 |       0 |   0.0
        D:8 |      48 |       0 |   0.0 |       1 |       0 |   0.0
        D:9 |     659 |     535 |  44.8 |      13 |       3 |  18.8
       D:10 |     140 |     143 |  50.5 |       1 |       1 |  50.0
      Sewer |       0 |     135 | 100.0 |       0 |      13 | 100.0
            +---------+---------+-------+---------+---------+-------
